 Dungeon Sprint DCSS version 0.31-a0-981-geadf994542 (webtiles) character file.

Game seed: 718338683522164794

12 BigDaddyOpFi the Trooper (level 3, -1/33 (36) HPs)
             Began as a Hill Orc Fighter on Nov 1, 2023.
             Was a Follower of Qazlal.
             Slain by a hell rat (4 damage)
             ... in the Dungeon (Sprint VI: "Thunderdome").
             The game lasted 00:01:39 (202 turns).

BigDaddyOpFi the Trooper (Hill Orc Fighter)          Turns: 202, Time: 00:01:40

HP:   -1/33 (36)    AC:  7    Str: 20    XL:     3   Next: 20%
MP:   3/3           EV:  9    Int: 12    God:    Qazlal [*.....]
Gold: 40            SH:  6    Dex: 12    Spells: 2/2 levels left

rFire   . . .        a - +0 war axe
rCold   . . .        c - +0 buckler
rNeg    . . .        b - +0 scale mail
rPois   .            (no helmet)
rElec   .            (no cloak)
rCorr   +            (no gloves)
SInv    .            (no boots)
Will    +....        q - amulet of Ruca {Regen+ Slay+2} Stlth
                     o - ring "Zeritusoug" {+Blink Will+ rCorr Dex+2}
HPRegen 1.05/turn    p - ring of Scepticism {Int+4 Slay+4}
MPRegen 0.08/turn

%: no teleportation
@: drained
A: no striking features
a: Renounce Religion, Evoke Blink


You were in the Dungeon.
You worshipped Qazlal.
Qazlal was aware of your devotion.
You visited 1 branch You collected 220 gold pieces.
You spent 180 gold pieces at shops.

Inventory:

Hand Weapons
 a - a +0 war axe (weapon)
Armour
 b - a +0 scale mail (worn)
 c - a +0 buckler (worn)
Jewellery
 o - the ring "Zeritusoug" (left hand) {+Blink Will+ rCorr Dex+2}
   (You bought it in a shop in the Dungeon)

   [ring of willpower]

   Dex+2:     It affects your dexterity (+2).
   Will+:     It increases your willpower.
   +Blink:    It lets you blink.
   rCorr:     It protects you from acid and corrosion.
 p - the ring of Scepticism (right hand) {Int+4 Slay+4}
   (You bought it in a shop in the Dungeon)

   [ring of slaying]

   Int+4:     It affects your intelligence (+4).
   Slay+4:    It affects your accuracy & damage with ranged weapons and melee
   (+4).
 q - the amulet of Ruca (around neck) {Regen+ Slay+2}
   (You bought it in a shop in the Dungeon)

   [amulet of regeneration]

   Slay+2:    It affects your accuracy & damage with ranged weapons and melee
   (+2).
   Regen+:    It increases your rate of health regeneration.
 r - the ring "Addugoush" {rCorr Int+5 SInv}
   (You bought it in a shop in the Dungeon)

   [ring of see invisible]

   Int+5:     It affects your intelligence (+5).
   SInv:      It lets you see invisible.
   rCorr:     It protects you from acid and corrosion.
Wands
 l - a wand of acid (5)
 m - a wand of iceblast (5)
 s - a wand of polymorph (10)
Scrolls
 j - 4 scrolls of blinking
 n - 3 scrolls of fog
Potions
 d - a potion of might
 e - a potion of curing
 f - 4 potions of heal wounds
 g - 4 potions of haste
 h - 2 potions of magic
 i - a potion of berserk rage
 k - a potion of resistance


   Skills:
 + Level 5.1 Fighting
 + Level 4.7 Axes
 + Level 4.6 Armour
 + Level 4.6 Shields


You had 2 spell levels left.
You didn't know any spells.
Your spell library was empty.

Dungeon Overview and Level Annotations

Branches:
Dungeon (1/1)

Altars:
Cheibriados
Dithmenos
Fedhas
Gozag
Kikubaaqudgha
Makhleb
Okawaru
Qazlal
Ru
Sif Muna
Trog
Uskayaw
Vehumet
Wu Jian
Xom
Yredelemnul
Zin
The Shining One
Beogh
Lugonu

Shops:
D *[=??*?*:[((!!!!


Message History

Things that are here:
a +0 trident; a +0 chain mail; the human corpse of Terence A hobgoblin comes into view.
The hobgoblin shouts! 50...
You slash the hobgoblin!
You kill the hobgoblin!
Qazlal accepts your kill.
Victory!
Score multiplier: 2x You now have 12 arena points (gained 12).
You see here a hobgoblin corpse.
You see here a hobgoblin corpse.
You now have 40 gold pieces (gained 20).
There is an entrance to Quduz's Advanced Armour here.
You start waiting.
Get ready!
You start waiting.
ROUND 2!
FIGHT!
You start waiting.
A rat comes into view.
A rat is nearby!
A hell rat comes into view.
The hell rat moves out of view.
You closely miss the rat. The rat barely misses you.
You slash the rat!
You kill the rat!
Qazlal accepts your kill.
You are now surrounded by a storm.
A hell rat is nearby!
A hell rat is nearby!
A hell rat is nearby!
The hell rat roars deafeningly!
The hell rat closely misses you.
You closely miss the hell rat. The hell rat bites you.
You hit the hell rat but do no damage. The hell rat completely misses you.
The hell rat bites you!
You feel drained.
You barely miss the hell rat. The hell rat bites you! x2
* * * LOW HITPOINT WARNING * * *
You feel drained.
You die...

######.8.........8.###
##∩___......###......__
###∩....[...8.# #.8......
##.............###........
#⌠..........###...###.....
#⌠..........# #.<.# #.....
#⌠..........###...###.....
##........°....###........
###∩...r@...8.# #.8......
##∩.__......###......_.
######.8.........8.###
#⌠...........⌠#
###.........###
#_......._# #_........#
#_......._# #∩.......∩#


You could see a hell rat.

Vanquished Creatures
  Terence (D)
  A giant cockroach (D)
  2 hobgoblins (D)
  A ball python (D)
  A rat (D)
6 creatures vanquished.

Notes
Turn   | Place    | Note
-------+----------+-------------------------------------------
     0 | D        | BigDaddyOpFi the Hill Orc Fighter began the quest for the
                  | Orb.
     0 | D        | Reached XP level 1. HP: 19/19 MP: 1/1
     3 | D        | Found a sacrificial altar of Ru.
     3 | D        | Found a bloodstained altar of Trog.
     4 | D        | Found a radiant altar of Vehumet.
     5 | D        | Found a basalt altar of Yredelemnul.
     5 | D        | Round 1.
     6 | D        | Found Xunuyxuy's Timeless Talismans.
     6 | D        | Found a burning altar of Makhleb.
     6 | D        | Found a snail-covered altar of Cheibriados.
     6 | D        | Found Coisuff's Identification Station.
     7 | D        | Found Muhixawe's Jewellery.
     7 | D        | Found Quduz's Advanced Armour.
     8 | D        | Found a blossoming altar of Fedhas.
    18 | D        | Bought a bound pewter ring for 45 gold pieces
    18 | D        | Identified the ring "Zeritusoug" {+Blink Will+ rCorr Dex+2}
                  | (You bought it in a shop in the Dungeon)
    18 | D        | Bought a bound pewter ring for 45 gold pieces
    18 | D        | Identified the ring of Scepticism {Int+4 Slay+4} (You
                  | bought it in a shop in the Dungeon)
    18 | D        | Bought a scorched diamond amulet for 45 gold pieces
    18 | D        | Identified the amulet of Ruca {Regen+ Slay+2} (You bought
                  | it in a shop in the Dungeon)
    18 | D        | Bought an ancient amber ring for 45 gold pieces
    18 | D        | Identified the ring "Addugoush" {rCorr Int+5 SInv} (You
                  | bought it in a shop in the Dungeon)
    24 | D        | Noticed Terence
    33 | D        | Killed Terence
    34 | D        | Reached skill level 5 in Fighting
    34 | D        | Reached XP level 2. HP: 29/29 MP: 2/2
    34 | D        | Reached XP level 3. HP: 36/36 MP: 3/3
    49 | D        | Found Lexinn's Magic Scroll Shop.
    50 | D        | Found Dyty's Magic Scroll Shop.
    50 | D        | Found Himihi Dedgh's Must-Have Magic.
    51 | D        | Found a hide-covered altar of Uskayaw.
    51 | D        | Found an opulent altar of Gozag.
    51 | D        | Found an iron altar of Okawaru.
    51 | D        | Found Setuequl's Staff Store.
    55 | D        | Found a shimmering blue altar of Sif Muna.
    56 | D        | Found an ancient bone altar of Kikubaaqudgha.
    57 | D        | Found a corrupted altar of Lugonu.
    58 | D        | Found Seyliakef's Distillery.
    59 | D        | Found Cyolleg's Distillery.
    59 | D        | Found Lac Ech's Bottled Wisdom.
    60 | D        | Found an ornate altar of the Wu Jian Council.
    60 | D        | Found a glowing silver altar of Zin.
    60 | D        | Found Oliubb's Do-It-Yourself Clinic.
    65 | D        | Found a glowing golden altar of the Shining One.
    67 | D        | Found a roughly hewn altar of Beogh.
    68 | D        | Found Kytiet's Weapon Rack.
    69 | D        | Found a shimmering altar of Xom.
    69 | D        | Found a shadowy altar of Dithmenos.
    69 | D        | Found a stormy altar of Qazlal.
    69 | D        | Found Xaff's Premium Goods.
    69 | D        | Found Himiog's Basic Armour.
    69 | D        | Found Urott's Miscellaneous Merchandise.
    77 | D        | Became a worshipper of Qazlal Stormbringer
   103 | D        | Arena points: 12 (+12) [x2]
   166 | D        | Round 2.
   195 | D        | Reached * piety under Qazlal
   202 | D        | Slain by a hell rat

Illustrated notes

Levels and vault maps discovered:
D:        arena_sprint

Skill      XL: |  1 |
---------------+----+-----
Fighting       | 5 |  5.1
Axes           | 4 |  4.7
Armour         | 4 |  4.6
Shields        | 4 |  4.6

Action                     || total
---------------------------++-------
  Melee: Unarmed           ||     8
         War axe           ||     7
 Armour: Scale mail        ||     5
         Skin              ||     1
  Dodge: Dodged            ||     9

Table legend: (Time is in decaauts)
 A = Elapsed time spent in this place.
 B = Non-inter-level travel time spent in this place.
 C = Inter-level travel time spent in this place.
 D = Time resting spent in this place.
 E = Time spent auto-exploring this place.
 F = Levels seen in this place.
 G = Mean time per level.
                   A        B        C        D        E       F      G
               +--------+--------+--------+--------+--------+-----+--------+
         Total |    202 |    202 |      0 |     46 |      0 |   1 |  202.0 |
       Dungeon |    202 |    202 |      0 |     46 |      0 |   1 |  202.0 |
               +--------+--------+--------+--------+--------+-----+--------+

Top non-repeatable levels by time:
       D: 202 daAuts
